Flames vs Sabres

Created - February 22, 2024 at 23:04

Goals
1 2 3 T
Flames 2 0 3 5
Sabres 1 2 0 3
Shots
1 2 3 T
Flames 8 6 7 21
Sabres 10 12 6 28

GoalsPenalties
1st period
1. Flames , Jordan Kyrou 15 (Steven Stamkos 35, Esa Lindell 16) at 1:34
2. Flames , Jordan Kyrou 16 (Alex DeBrincat 21, Steven Stamkos 36) at 3:09
3. Sabres , Blake Coleman 20 (Colton White 7, Jesper Fast 11) at 13:50
Josh Morrissey (CGY) for Interference (Minor) at 5:33
Mason McTavish (BUF) for Hooking (Minor) at 16:35
Arber Xhekaj (BUF) for Hooking (Minor) at 18:40
2nd period
4. Sabres , Nicklas Backstrom 2 (Mason McTavish 15, Jonathan Drouin 16) at 6:31
5. Sabres , Blake Coleman 21 (Arber Xhekaj 9, Juraj Slafkovsky 14) at 19:43 (PP)
Jordan Kyrou (CGY) for Hooking (Minor) at 1:50
Jordan Staal (CGY) for High sticking (Minor) at 9:48
Erik Gudbranson (CGY) for Interference (Minor) at 15:08
Calvin de Haan (CGY) for Tripping (Minor) at 19:17
3rd period
6. Flames , Alex DeBrincat 13 (Esa Lindell 17, Jordan Kyrou 26) at 4:33
7. Flames , Jordan Eberle 15 (Steven Stamkos 37, Jared Spurgeon 39) at 14:40
8. Flames , Josh Morrissey 8 (Alex Ovechkin 28, Steven Stamkos 38) at 19:56 (Empty Net)
Victor Soderstrom (BUF) for High sticking (Minor) at 12:34
Goalie Stats
Antti Raanta (CGY), 25 saves from 28 shots - (0.893), W, 11-5-3, 60:00 minutes
James Reimer (BUF), 16 saves from 20 shots - (0.800), L, 6-27-3, 59:06 minutes
3 StarsOfficial
1 - Steven Stamkos (CGY)
2 - Jordan Kyrou (CGY)
3 - Alex DeBrincat (CGY)
Referees : Troy Paterson and Michael Markovic
Linesman : Darren Gibbs and Jonny Murray
Game Note
Josh Morrissey has scored in a empty net!
Finance
Level 1 -- Attendance: 5965 (91.77%) -- Ticket Income $709,835
Level 2 -- Attendance: 3500 (70.00%) -- Ticket Income $346,500
Level 3 -- Attendance: 3285 (93.86%) -- Ticket Income $226,665
Level 4 -- Attendance: 2601 (84.72%) -- Ticket Income $127,449
Luxury Box -- Attendance: 1000 (100.00%) -- Ticket Income $209,000
Game was played at the Buffalo Pete Center.
Total Attendance: 16351 (85.74%)
Total Ticket Income: $1,619,449
Other Income: $404,862
Total Income: $2,024,311



Team Name Goals Shots Shots Attemp Shots Blocked PIM HIT PP PK FO%
Flames 521521110190 / 3 (0%)151%
Sabres 32875136221 / 5 (20%)049%

Flames
Player Name POS G A P +/- PIM HIT SHT SB MP PP MP PP SHT PK MP PK SHT FO% FOT
Adam LarssonD0002021122:472:1004:3500% 0
Alex DeBrincatRW1124013117:223:0800:000100% 2
Alex OvechkinLW0110020019:402:4900:3000% 1
Calvin de HaanD0000210015:190:0001:2100% 0
Erik GudbransonD0000220216:300:0004:0200% 0
Esa LindellD0222001016:020:0000:0000% 0
Jakub VranaLW0000021018:430:0004:3500% 2
Jared SpurgeonD0111021223:143:4703:4700% 0
John TavaresC000-1021017:292:1000:0000% 1
Jordan EberleRW1010001014:080:0000:00033% 3
Jordan KyrouC2133213116:542:4900:00050% 10
Jordan StaalC0000231117:130:0003:06058% 19
Josh MorrisseyD1011203223:553:4712:5900% 0
Lawson CrouseLW000000005:083:0800:0000% 1
Pierre-Edouard BellemareLW000000003:170:0003:1700% 0
Sean KuralyC000000005:520:0004:46050% 12
Sebastian AhoC000-1014018:382:4920:30055% 20
Steven StamkosC0444001119:223:0800:00050% 8
Sabres
Player Name POS G A P +/- PIM HIT SHT SB MP PP MP PP SHT PK MP PK SHT FO% FOT
Arber XhekajD0110252022:005:3110:2500% 0
Blake ColemanC202-1047216:563:0730:19057% 21
Brenden DillonD0000002322:535:3111:1700% 0
Brett HowdenC000000108:310:0002:35067% 9
Colton WhiteD011-1010117:430:0002:5700% 0
Corey PerryRW000000005:560:0000:0000% 1
Jake NeighboursLW000-1001116:373:0710:0000% 0
Jansen HarkinsC000-1001015:290:0003:03031% 13
Jesper FastRW011-1014016:240:0002:5400% 1
Jonathan DrouinLW011-1025019:095:1530:05025% 4
Juraj SlafkovskyLW011-1000015:333:0700:0000% 0
Kaedan KorczakD000-2000120:222:5102:4100% 0
Mason AppletonC000000005:560:0000:0000% 0
Mason McTavishC011-1213019:035:1520:000100% 1
Nicklas BackstromC101-1012019:045:1510:00052% 27
Philippe MyersD000-2020320:222:5102:4100% 0
Victor SoderstromD000-1220116:380:0001:5300% 0
Zach SanfordLW000-1030115:240:0002:58050% 2



Play-by-Play

1st period


0:01 of 1st period - Sebastian Aho wins face-off versus Nicklas Backstrom in neutral zone.
0:01 of 1st period - Alex Ovechkin is hit by Mason McTavish.
0:03 of 1st period - Shot by Josh Morrissey.
0:03 of 1st period - Stopped by James Reimer with a rebound.
0:52 of 1st period - Icing by Brenden Dillon.
0:53 of 1st period - Nicklas Backstrom wins face-off versus Jordan Kyrou in Sabres zone.
1:32 of 1st period - Shot by Jordan Kyrou.
1:32 of 1st period - Shot Blocked by Jake Neighbours.
1:34 of 1st period - Shot by Jordan Kyrou.
1:34 of 1st period - The goal is going for a video replay.
1:34 of 1st period - The goal is good.
1:34 of 1st period - Goal by Jordan Kyrou - Flames : 1 - Sabres : 0.
1:35 of 1st period - Jordan Staal wins face-off versus Jansen Harkins in neutral zone.
1:35 of 1st period - Jordan Staal is hit by Zach Sanford.
1:42 of 1st period - Jakub Vrana is hit by Colton White.
1:54 of 1st period - Victor Soderstrom is hit by Jordan Staal and loses puck.
2:17 of 1st period - Shot by Zach Sanford.
2:17 of 1st period - Shot Misses the Net.
2:56 of 1st period - Sebastian Aho is hit by Arber Xhekaj and loses puck.
3:01 of 1st period - Shot by John Tavares.
3:01 of 1st period - Stopped by James Reimer without a rebound.
3:02 of 1st period - Steven Stamkos wins face-off versus Blake Coleman in Sabres zone.
3:07 of 1st period - Shot by Jordan Kyrou.
3:07 of 1st period - Shot Blocked by Kaedan Korczak.
3:09 of 1st period - Shot by Jordan Kyrou.
3:09 of 1st period - Goal by Jordan Kyrou - Flames : 2 - Sabres : 0.
3:10 of 1st period - Alex DeBrincat wins face-off versus Blake Coleman in neutral zone.
3:21 of 1st period - Shot by Jordan Kyrou.
3:21 of 1st period - Shot Blocked by Philippe Myers.
3:23 of 1st period - Shot by Esa Lindell.
3:23 of 1st period - Shot Hit the Post.
3:25 of 1st period - Shot by Jordan Kyrou.
3:25 of 1st period - Shot Misses the Net.
3:29 of 1st period - Shot by Jordan Kyrou.
3:29 of 1st period - Stopped by James Reimer without a rebound.
3:30 of 1st period - Jansen Harkins wins face-off versus Jordan Staal in Sabres zone.
3:34 of 1st period - Colton White is hit by Jordan Staal.
3:51 of 1st period - Shot by Zach Sanford.
3:51 of 1st period - Shot Misses the Net.
3:54 of 1st period - Icing by Josh Morrissey.
3:55 of 1st period - Nicklas Backstrom wins face-off versus Jordan Eberle in Flames zone.
3:56 of 1st period - Shot by Jonathan Drouin.
3:56 of 1st period - Stopped by Antti Raanta without a rebound.
3:57 of 1st period - Blake Coleman wins face-off versus Steven Stamkos in Flames zone.
3:58 of 1st period - Shot by Jesper Fast.
3:58 of 1st period - Stopped by Antti Raanta without a rebound.
3:59 of 1st period - Nicklas Backstrom wins face-off versus Lawson Crouse in Flames zone.
4:04 of 1st period - Shot by Jonathan Drouin.
4:04 of 1st period - Shot Misses the Net.
4:06 of 1st period - Shot by Nicklas Backstrom.
4:06 of 1st period - Shot Misses the Net.
5:24 of 1st period - Shot by Jordan Staal.
5:24 of 1st period - Stopped by James Reimer with a rebound.
5:31 of 1st period - Jake Neighbours is hit by Jared Spurgeon and loses puck.
5:33 of 1st period - Minor Penalty to Josh Morrissey for Interference.
5:34 of 1st period - Sean Kuraly wins face-off versus Jonathan Drouin in Flames zone.
5:57 of 1st period - Shot by Mason McTavish.
5:57 of 1st period - Stopped by Antti Raanta with a rebound.
5:59 of 1st period - Shot by Mason McTavish.
5:59 of 1st period - Shot Misses the Net.
6:01 of 1st period - Shot by Jonathan Drouin.
6:01 of 1st period - Shot Blocked by Jared Spurgeon.
6:26 of 1st period - Off-side.
6:27 of 1st period - Blake Coleman wins face-off versus Jordan Staal in neutral zone.
6:30 of 1st period - Shot by Arber Xhekaj.
6:30 of 1st period - Stopped by Antti Raanta with a rebound.
6:32 of 1st period - Shot by Blake Coleman.
6:32 of 1st period - Shot Misses the Net.
6:34 of 1st period - Shot by Blake Coleman.
6:34 of 1st period - Stopped by Antti Raanta with a rebound.
6:36 of 1st period - Shot by Brenden Dillon.
6:36 of 1st period - Shot Misses the Net.
6:38 of 1st period - Shot by Juraj Slafkovsky.
6:38 of 1st period - Shot Misses the Net.
6:40 of 1st period - Shot by Blake Coleman.
6:40 of 1st period - Deflect By Jake Neighbours.
6:40 of 1st period - Stopped by Antti Raanta without a rebound.
6:41 of 1st period - Sean Kuraly wins face-off versus Nicklas Backstrom in Flames zone.
6:52 of 1st period - Shot by Jonathan Drouin.
6:52 of 1st period - Stopped by Antti Raanta without a rebound.
6:53 of 1st period - Sean Kuraly wins face-off versus Blake Coleman in Flames zone.
8:08 of 1st period - Shot by Jordan Kyrou.
8:08 of 1st period - Shot Misses the Net.
9:26 of 1st period - Josh Morrissey is hit by Zach Sanford and loses puck.
9:37 of 1st period - Shot by Jansen Harkins.
9:37 of 1st period - Shot Blocked by Josh Morrissey.
11:16 of 1st period - Icing by Adam Larsson.
11:17 of 1st period - Nicklas Backstrom wins face-off versus Sebastian Aho in Flames zone.
11:26 of 1st period - Shot by Mason McTavish.
11:26 of 1st period - Shot Misses the Net.
11:43 of 1st period - Icing by Arber Xhekaj.
11:44 of 1st period - Nicklas Backstrom wins face-off versus Jordan Staal in Sabres zone.
12:44 of 1st period - Shot by Philippe Myers.
12:44 of 1st period - Shot Misses the Net.
12:46 of 1st period - Shot by Zach Sanford.
12:46 of 1st period - Shot Blocked by Alex DeBrincat.
12:48 of 1st period - Shot by Philippe Myers.
12:48 of 1st period - Shot Misses the Net.
12:58 of 1st period - Shot by Zach Sanford.
12:58 of 1st period - Shot Misses the Net.
13:00 of 1st period - Shot by Kaedan Korczak.
13:00 of 1st period - Shot Misses the Net.
13:25 of 1st period - Icing by Jake Neighbours.
13:26 of 1st period - Blake Coleman wins face-off versus Sebastian Aho in Sabres zone.
13:26 of 1st period - Blake Coleman is hit by Alex Ovechkin.
13:34 of 1st period - Shot by Blake Coleman.
13:34 of 1st period - Shot Misses the Net.
13:48 of 1st period - Shot by Blake Coleman.
13:48 of 1st period - Shot Misses the Net.
13:50 of 1st period - Shot by Blake Coleman.
13:50 of 1st period - Goal by Blake Coleman - Flames : 2 - Sabres : 1.
13:51 of 1st period - Jordan Staal wins face-off versus Nicklas Backstrom in neutral zone.
13:51 of 1st period - Josh Morrissey is hit by Jonathan Drouin and loses puck.
14:18 of 1st period - Shot by Jonathan Drouin.
14:18 of 1st period - Stopped by Antti Raanta without a rebound.
14:19 of 1st period - Sebastian Aho wins face-off versus Jansen Harkins in Flames zone.
14:53 of 1st period - Off-side.
14:54 of 1st period - Blake Coleman wins face-off versus Jordan Kyrou in neutral zone.
15:35 of 1st period - Shot by Jesper Fast.
15:35 of 1st period - Stopped by Antti Raanta without a rebound.
15:36 of 1st period - Zach Sanford wins face-off versus Sebastian Aho in Flames zone.
16:35 of 1st period - Minor Penalty to Mason McTavish for Hooking.
16:36 of 1st period - Brett Howden wins face-off versus Steven Stamkos in Sabres zone.
18:40 of 1st period - Minor Penalty to Arber Xhekaj for Hooking.
18:41 of 1st period - Steven Stamkos wins face-off versus Zach Sanford in Sabres zone.
18:44 of 1st period - Shot by Josh Morrissey.
18:44 of 1st period - Stopped by James Reimer without a rebound.
18:45 of 1st period - Steven Stamkos wins face-off versus Jansen Harkins in Sabres zone.
19:32 of 1st period - Shot by Sebastian Aho.
19:32 of 1st period - Stopped by James Reimer without a rebound.
19:33 of 1st period - Brett Howden wins face-off versus Sebastian Aho in Sabres zone.
19:45 of 1st period - Off-side.
19:46 of 1st period - Brett Howden wins face-off versus Steven Stamkos in neutral zone.
Goals for this period are 2 for Flames vs 1 for Sabres.
Shots for this period are 8 for Flames vs 10 for Sabres.

2nd period


0:01 of 2nd period - Sebastian Aho wins face-off versus Jansen Harkins in neutral zone.
0:03 of 2nd period - Josh Morrissey is hit by Victor Soderstrom and loses puck.
0:06 of 2nd period - Shot by Alex Ovechkin.
0:06 of 2nd period - Shot Misses the Net.
0:32 of 2nd period - Shot by Josh Morrissey.
0:32 of 2nd period - Shot Misses the Net.
0:45 of 2nd period - Icing by Adam Larsson.
0:46 of 2nd period - Jordan Staal wins face-off versus Blake Coleman in Flames zone.
0:46 of 2nd period - Esa Lindell is hit by Jesper Fast and loses puck.
0:51 of 2nd period - Shot by Blake Coleman.
0:51 of 2nd period - Stopped by Antti Raanta without a rebound.
0:52 of 2nd period - Blake Coleman wins face-off versus Jordan Staal in Flames zone.
0:52 of 2nd period - Blake Coleman is hit by Erik Gudbranson.
1:01 of 2nd period - Blake Coleman is hit by Calvin de Haan.
1:31 of 2nd period - Jesper Fast is hit by Jakub Vrana and loses puck.
1:50 of 2nd period - Minor Penalty to Jordan Kyrou for Hooking.
1:51 of 2nd period - Sean Kuraly wins face-off versus Nicklas Backstrom in Flames zone.
1:59 of 2nd period - Off-side.
2:00 of 2nd period - Nicklas Backstrom wins face-off versus Sean Kuraly in neutral zone.
2:04 of 2nd period - Shot by Mason McTavish.
2:04 of 2nd period - Stopped by Antti Raanta without a rebound.
2:05 of 2nd period - Jonathan Drouin wins face-off versus Jordan Staal in Flames zone.
2:06 of 2nd period - Shot by Brenden Dillon.
2:06 of 2nd period - Shot Misses the Net.
2:17 of 2nd period - Icing by Brenden Dillon.
2:18 of 2nd period - Nicklas Backstrom wins face-off versus Jakub Vrana in Sabres zone.
2:38 of 2nd period - Icing by Arber Xhekaj.
2:39 of 2nd period - Jordan Staal wins face-off versus Nicklas Backstrom in Sabres zone.
3:12 of 2nd period - Icing by Mason McTavish.
3:13 of 2nd period - Sean Kuraly wins face-off versus Nicklas Backstrom in Sabres zone.
4:02 of 2nd period - Shot by Steven Stamkos.
4:02 of 2nd period - Stopped by James Reimer without a rebound.
4:03 of 2nd period - Jansen Harkins wins face-off versus Sebastian Aho in Sabres zone.
4:32 of 2nd period - Shot by Alex Ovechkin.
4:32 of 2nd period - Shot Misses the Net.
4:36 of 2nd period - Shot by Sebastian Aho.
4:36 of 2nd period - Stopped by James Reimer without a rebound.
4:37 of 2nd period - Blake Coleman wins face-off versus Jordan Kyrou in Sabres zone.
5:09 of 2nd period - Shot by Jesper Fast.
5:09 of 2nd period - Shot Misses the Net.
5:34 of 2nd period - Icing by Brenden Dillon.
5:35 of 2nd period - Sebastian Aho wins face-off versus Brett Howden in Sabres zone.
5:36 of 2nd period - Shot by Adam Larsson.
5:36 of 2nd period - Deflect By Alex Ovechkin.
5:36 of 2nd period - Shot Blocked by Brenden Dillon.
5:39 of 2nd period - Icing by Brenden Dillon.
5:40 of 2nd period - Brett Howden wins face-off versus Alex Ovechkin in Sabres zone.
5:40 of 2nd period - Brett Howden is hit by Sebastian Aho.
6:02 of 2nd period - Shot by Brett Howden.
6:02 of 2nd period - Stopped by Antti Raanta without a rebound.
6:03 of 2nd period - Jordan Staal wins face-off versus Jonathan Drouin in Flames zone.
6:03 of 2nd period - Jordan Staal is hit by Nicklas Backstrom.
6:06 of 2nd period - Icing by Jakub Vrana.
6:07 of 2nd period - Jordan Staal wins face-off versus Jonathan Drouin in Flames zone.
6:14 of 2nd period - Shot by Jordan Staal.
6:14 of 2nd period - Shot Misses the Net.
6:31 of 2nd period - Shot by Mason McTavish.
6:31 of 2nd period - Deflect By Nicklas Backstrom.
6:31 of 2nd period - Goal by Nicklas Backstrom - Flames : 2 - Sabres : 2.
6:32 of 2nd period - Jansen Harkins wins face-off versus Jordan Kyrou in neutral zone.
6:39 of 2nd period - Shot by Juraj Slafkovsky.
6:39 of 2nd period - Shot Misses the Net.
6:54 of 2nd period - Josh Morrissey is hit by Arber Xhekaj and loses puck.
7:09 of 2nd period - Shot by Steven Stamkos.
7:09 of 2nd period - Shot Blocked by Brenden Dillon.
7:15 of 2nd period - Shot by Alex DeBrincat.
7:15 of 2nd period - Stopped by James Reimer without a rebound.
7:16 of 2nd period - Nicklas Backstrom wins face-off versus John Tavares in Sabres zone.
7:28 of 2nd period - Sebastian Aho is hit by Philippe Myers and loses puck.
7:58 of 2nd period - Shot by Nicklas Backstrom.
7:58 of 2nd period - Shot Misses the Net.
8:34 of 2nd period - Calvin de Haan is hit by Blake Coleman and loses puck.
8:54 of 2nd period - Icing by Victor Soderstrom.
8:55 of 2nd period - Jordan Kyrou wins face-off versus Blake Coleman in Sabres zone.
9:16 of 2nd period - Shot by Steven Stamkos.
9:16 of 2nd period - Shot Misses the Net.
9:28 of 2nd period - Shot by Steven Stamkos.
9:28 of 2nd period - Shot Misses the Net.
9:37 of 2nd period - Off-side.
9:38 of 2nd period - Jordan Eberle wins face-off versus Jansen Harkins in neutral zone.
9:48 of 2nd period - Minor Penalty to Jordan Staal for High sticking.
9:49 of 2nd period - Nicklas Backstrom wins face-off versus Sean Kuraly in Flames zone.
10:22 of 2nd period - Shot by Nicklas Backstrom.
10:22 of 2nd period - Shot Misses the Net.
10:24 of 2nd period - Shot by Mason McTavish.
10:24 of 2nd period - Shot Misses the Net.
10:26 of 2nd period - Shot by Jonathan Drouin.
10:26 of 2nd period - Stopped by Antti Raanta with a rebound.
10:28 of 2nd period - Shot by Jonathan Drouin.
10:28 of 2nd period - Shot Misses the Net.
10:30 of 2nd period - Shot by Nicklas Backstrom.
10:30 of 2nd period - Stopped by Antti Raanta without a rebound.
10:31 of 2nd period - Sean Kuraly wins face-off versus Blake Coleman in Flames zone.
10:31 of 2nd period - Sean Kuraly is hit by Blake Coleman.
10:40 of 2nd period - Off-side.
10:41 of 2nd period - Nicklas Backstrom wins face-off versus Sean Kuraly in neutral zone.
10:56 of 2nd period - Jared Spurgeon is hit by Philippe Myers and loses puck.
11:13 of 2nd period - Shot by Nicklas Backstrom.
11:13 of 2nd period - Shot Blocked by Erik Gudbranson.
11:50 of 2nd period - Juraj Slafkovsky is hit by Adam Larsson and loses puck.
11:56 of 2nd period - Brett Howden is hit by Adam Larsson and loses puck.
12:27 of 2nd period - Shot by Esa Lindell.
12:27 of 2nd period - Stopped by James Reimer without a rebound.
12:28 of 2nd period - Jansen Harkins wins face-off versus Sebastian Aho in Sabres zone.
13:03 of 2nd period - Shot by Zach Sanford.
13:03 of 2nd period - Shot Misses the Net.
13:05 of 2nd period - Shot by Jansen Harkins.
13:05 of 2nd period - Stopped by Antti Raanta with a rebound.
13:43 of 2nd period - Shot by Kaedan Korczak.
13:43 of 2nd period - Shot Misses the Net.
13:45 of 2nd period - Shot by Blake Coleman.
13:45 of 2nd period - Stopped by Antti Raanta without a rebound.
13:46 of 2nd period - Jordan Kyrou wins face-off versus Nicklas Backstrom in Flames zone.
14:13 of 2nd period - Steven Stamkos is hit by Jonathan Drouin and loses puck.
14:52 of 2nd period - Shot by Jesper Fast.
14:52 of 2nd period - Shot Blocked by Erik Gudbranson.
14:56 of 2nd period - Shot by Jesper Fast.
14:56 of 2nd period - Shot Misses the Net.
15:08 of 2nd period - Minor Penalty to Erik Gudbranson for Interference.
15:09 of 2nd period - Blake Coleman wins face-off versus Sean Kuraly in Flames zone.
15:09 of 2nd period - Brenden Dillon is hit by Jared Spurgeon and loses puck.
15:32 of 2nd period - Josh Morrissey is hit by Blake Coleman and loses puck.
15:45 of 2nd period - Shot by Brenden Dillon.
15:45 of 2nd period - Stopped by Antti Raanta without a rebound.
15:46 of 2nd period - Nicklas Backstrom wins face-off versus Sean Kuraly in Flames zone.
16:49 of 2nd period - Shot by Brenden Dillon.
16:49 of 2nd period - Shot Blocked by Josh Morrissey.
16:51 of 2nd period - Shot by Blake Coleman.
16:51 of 2nd period - Stopped by Antti Raanta without a rebound.
16:52 of 2nd period - Jordan Staal wins face-off versus Nicklas Backstrom in Flames zone.
17:07 of 2nd period - Shot by Jonathan Drouin.
17:07 of 2nd period - Stopped by Antti Raanta without a rebound.
17:08 of 2nd period - Sebastian Aho wins face-off versus Corey Perry in Flames zone.
17:59 of 2nd period - Icing by Josh Morrissey.
18:00 of 2nd period - Sebastian Aho wins face-off versus Jansen Harkins in Flames zone.
18:37 of 2nd period - Brenden Dillon is hit by Jordan Kyrou and loses puck.
18:42 of 2nd period - Shot by Adam Larsson.
18:42 of 2nd period - Stopped by James Reimer without a rebound.
18:43 of 2nd period - Jordan Staal wins face-off versus Nicklas Backstrom in Sabres zone.
18:56 of 2nd period - Shot by Jordan Eberle.
18:56 of 2nd period - Shot Misses the Net.
19:15 of 2nd period - Nicklas Backstrom is hit by Erik Gudbranson and loses puck.
19:17 of 2nd period - Minor Penalty to Calvin de Haan for Tripping.
19:18 of 2nd period - Blake Coleman wins face-off versus Sean Kuraly in Flames zone.
19:39 of 2nd period - Shot by Arber Xhekaj.
19:39 of 2nd period - Shot Blocked by Adam Larsson.
19:43 of 2nd period - Shot by Blake Coleman.
19:43 of 2nd period - Goal by Blake Coleman - Flames : 2 - Sabres : 3.
19:44 of 2nd period - Brett Howden wins face-off versus Jordan Kyrou in neutral zone.
19:56 of 2nd period - Shot by Steven Stamkos.
19:56 of 2nd period - Shot Blocked by Victor Soderstrom.
19:58 of 2nd period - Shot by Jared Spurgeon.
19:58 of 2nd period - Stopped by James Reimer without a rebound.
19:59 of 2nd period - Nicklas Backstrom wins face-off versus Sebastian Aho in Sabres zone.
Goals for this period are 0 for Flames vs 2 for Sabres.
Shots for this period are 6 for Flames vs 12 for Sabres.

3rd period


0:01 of 3rd period - Sebastian Aho wins face-off versus Nicklas Backstrom in neutral zone.
0:03 of 3rd period - Off-side.
0:04 of 3rd period - Nicklas Backstrom wins face-off versus Sebastian Aho in neutral zone.
0:17 of 3rd period - Brenden Dillon is hit by John Tavares and loses puck.
1:02 of 3rd period - Icing by Sebastian Aho.
1:03 of 3rd period - Sebastian Aho wins face-off versus Jansen Harkins in Flames zone.
1:24 of 3rd period - Shot by Jordan Kyrou.
1:24 of 3rd period - Shot Blocked by Philippe Myers.
2:06 of 3rd period - Shot by Blake Coleman.
2:06 of 3rd period - Shot Misses the Net.
2:08 of 3rd period - Shot by Jesper Fast.
2:08 of 3rd period - Stopped by Antti Raanta without a rebound.
2:09 of 3rd period - Brett Howden wins face-off versus Jordan Staal in Flames zone.
2:49 of 3rd period - Icing by Brenden Dillon.
2:50 of 3rd period - Sebastian Aho wins face-off versus Brett Howden in Sabres zone.
2:53 of 3rd period - Shot by Josh Morrissey.
2:53 of 3rd period - Shot Misses the Net.
3:39 of 3rd period - Shot by Nicklas Backstrom.
3:39 of 3rd period - Shot Misses the Net.
4:33 of 3rd period - Shot by Alex DeBrincat.
4:33 of 3rd period - Goal by Alex DeBrincat - Flames : 3 - Sabres : 3.
4:34 of 3rd period - Jordan Staal wins face-off versus Blake Coleman in neutral zone.
4:37 of 3rd period - Arber Xhekaj is hit by Jordan Staal and loses puck.
4:47 of 3rd period - Blake Coleman is hit by Jakub Vrana and loses puck.
5:11 of 3rd period - Shot by Blake Coleman.
5:11 of 3rd period - Stopped by Antti Raanta with a rebound.
5:13 of 3rd period - Shot by Jesper Fast.
5:13 of 3rd period - Shot Misses the Net.
5:17 of 3rd period - Shot by Jesper Fast.
5:17 of 3rd period - Stopped by Antti Raanta without a rebound.
5:18 of 3rd period - Jordan Kyrou wins face-off versus Jansen Harkins in Flames zone.
5:18 of 3rd period - Jordan Kyrou is hit by Zach Sanford.
5:59 of 3rd period - Shot by Alex DeBrincat.
5:59 of 3rd period - Shot Blocked by Colton White.
6:03 of 3rd period - Shot by Steven Stamkos.
6:03 of 3rd period - Deflect By Alex DeBrincat.
6:03 of 3rd period - Stopped by James Reimer without a rebound.
6:04 of 3rd period - Sebastian Aho wins face-off versus Nicklas Backstrom in Sabres zone.
6:31 of 3rd period - Philippe Myers is hit by John Tavares and loses puck.
6:46 of 3rd period - Shot by Mason McTavish.
6:46 of 3rd period - Stopped by Antti Raanta without a rebound.
6:47 of 3rd period - Jordan Staal wins face-off versus Blake Coleman in Flames zone.
6:52 of 3rd period - Shot by Jakub Vrana.
6:52 of 3rd period - Stopped by James Reimer with a rebound.
7:00 of 3rd period - Jakub Vrana is hit by Blake Coleman and loses puck.
8:14 of 3rd period - Shot by Jansen Harkins.
8:14 of 3rd period - Shot Misses the Net.
8:16 of 3rd period - Shot by Juraj Slafkovsky.
8:16 of 3rd period - Shot Misses the Net.
8:18 of 3rd period - Shot by Victor Soderstrom.
8:18 of 3rd period - Shot Blocked by Jordan Staal.
8:54 of 3rd period - Shot by Jonathan Drouin.
8:54 of 3rd period - Shot Misses the Net.
8:56 of 3rd period - Shot by Nicklas Backstrom.
8:56 of 3rd period - Shot Blocked by Jordan Kyrou.
8:58 of 3rd period - Shot by Kaedan Korczak.
8:58 of 3rd period - Shot Misses the Net.
9:04 of 3rd period - Shot by Nicklas Backstrom.
9:04 of 3rd period - Shot Misses the Net.
9:35 of 3rd period - Sebastian Aho is hit by Arber Xhekaj and loses puck.
9:43 of 3rd period - Sebastian Aho is hit by Arber Xhekaj and loses puck.
9:52 of 3rd period - Shot by Alex Ovechkin.
9:52 of 3rd period - Deflect By Sebastian Aho.
9:52 of 3rd period - Stopped by James Reimer without a rebound.
9:53 of 3rd period - Blake Coleman wins face-off versus Steven Stamkos in Sabres zone.
10:14 of 3rd period - Shot by Blake Coleman.
10:14 of 3rd period - Deflect By Jake Neighbours.
10:14 of 3rd period - Shot Blocked by Jared Spurgeon.
10:16 of 3rd period - Shot by Blake Coleman.
10:16 of 3rd period - Deflect By Jake Neighbours.
10:16 of 3rd period - Shot Blocked by Steven Stamkos.
12:24 of 3rd period - Icing by Calvin de Haan.
12:25 of 3rd period - Blake Coleman wins face-off versus Jordan Eberle in Flames zone.
12:33 of 3rd period - Jakub Vrana is hit by Victor Soderstrom.
12:34 of 3rd period - Minor Penalty to Victor Soderstrom for High sticking.
12:35 of 3rd period - Alex DeBrincat wins face-off versus Brett Howden in Sabres zone.
12:36 of 3rd period - Shot by Jared Spurgeon.
12:36 of 3rd period - Shot Misses the Net.
12:38 of 3rd period - Shot by Josh Morrissey.
12:38 of 3rd period - Shot Misses the Net.
12:40 of 3rd period - Shot by Josh Morrissey.
12:40 of 3rd period - Deflect By Steven Stamkos.
12:40 of 3rd period - Shot Misses the Net.
12:42 of 3rd period - Shot by Jared Spurgeon.
12:42 of 3rd period - Shot Misses the Net.
13:02 of 3rd period - Shot by Alex DeBrincat.
13:02 of 3rd period - Shot Blocked by Philippe Myers.
13:04 of 3rd period - Shot by Jared Spurgeon.
13:04 of 3rd period - Shot Misses the Net.
13:06 of 3rd period - Shot by Steven Stamkos.
13:06 of 3rd period - Shot Misses the Net.
13:14 of 3rd period - Shot by Josh Morrissey.
13:14 of 3rd period - Shot Blocked by Zach Sanford.
13:26 of 3rd period - Shot by John Tavares.
13:26 of 3rd period - Shot Hit the Post.
13:56 of 3rd period - Shot by Sebastian Aho.
13:56 of 3rd period - Stopped by James Reimer with a rebound.
14:00 of 3rd period - Shot by Jordan Kyrou.
14:00 of 3rd period - Deflect By Alex Ovechkin.
14:00 of 3rd period - Shot Blocked by Brenden Dillon.
14:40 of 3rd period - Shot by Jordan Eberle.
14:40 of 3rd period - Goal by Jordan Eberle - Flames : 4 - Sabres : 3.
14:41 of 3rd period - Mason McTavish wins face-off versus Jordan Staal in neutral zone.
14:52 of 3rd period - Shot by Arber Xhekaj.
14:52 of 3rd period - Stopped by Antti Raanta without a rebound.
14:53 of 3rd period - Blake Coleman wins face-off versus Jordan Staal in Flames zone.
15:24 of 3rd period - Shot by Jordan Staal.
15:24 of 3rd period - Shot Blocked by Blake Coleman.
15:27 of 3rd period - Icing by Kaedan Korczak.
15:28 of 3rd period - Sebastian Aho wins face-off versus Blake Coleman in Sabres zone.
15:32 of 3rd period - Icing by Philippe Myers.
15:33 of 3rd period - Blake Coleman wins face-off versus Sebastian Aho in Sabres zone.
16:07 of 3rd period - Brenden Dillon is hit by Alex Ovechkin and loses puck.
16:17 of 3rd period - Sebastian Aho is hit by Arber Xhekaj and loses puck.
16:35 of 3rd period - Icing by Esa Lindell.
16:36 of 3rd period - Jordan Kyrou wins face-off versus Nicklas Backstrom in Flames zone.
17:03 of 3rd period - Shot by Victor Soderstrom.
17:03 of 3rd period - Shot Misses the Net.
17:19 of 3rd period - Shot by Jonathan Drouin.
17:19 of 3rd period - Shot Misses the Net.
17:30 of 3rd period - Jesper Fast is hit by Alex DeBrincat and loses puck.
18:20 of 3rd period - Icing by Philippe Myers.
18:21 of 3rd period - Jordan Staal wins face-off versus Jesper Fast in Sabres zone.
18:24 of 3rd period - Shot by Jordan Staal.
18:24 of 3rd period - Shot Blocked by Blake Coleman.
19:00 of 3rd period - Icing by Jordan Staal.
19:01 of 3rd period - Nicklas Backstrom wins face-off versus Jakub Vrana in Flames zone.
19:02 of 3rd period - Sabres, James Reimer is pulled from the net.
19:46 of 3rd period - Shot by Brenden Dillon.
19:46 of 3rd period - Shot Misses the Net.
19:48 of 3rd period - Shot by Brenden Dillon.
19:48 of 3rd period - Stopped by Antti Raanta without a rebound.
19:49 of 3rd period - Steven Stamkos wins face-off versus Nicklas Backstrom in Flames zone.
19:56 of 3rd period - Shot by Josh Morrissey.
19:56 of 3rd period - Goal by Josh Morrissey - Flames : 5 - Sabres : 3.
19:56 of 3rd period - James Reimer from Sabres was sent back in the game.
19:57 of 3rd period - Jordan Kyrou wins face-off versus Jansen Harkins in neutral zone.
Goals for this period are 3 for Flames vs 0 for Sabres.
Shots for this period are 7 for Flames vs 6 for Sabres.